 Dungeon Crawl Stone Soup version 0.22-a0-301-gf0fe05c (webtiles) character file.

669 Amnesiac the Skirmisher (level 7, -3/44 HPs)
             Began as a Deep Elf Wizard on Mar 26, 2018.
             Shot with an arrow by a centaur (15 damage)
             ... on level 5 of the Dungeon.
             The game lasted 00:07:31 (4831 turns).

Amnesiac the Skirmisher (Deep Elf Wizard)           Turns: 4831, Time: 00:07:32

Health: -3/44      AC:  4    Str:  4    XL:     7   Next: 32%
Magic:  0/15       EV: 14    Int: 25    God:
Gold:   48         SH:  0    Dex: 13    Spells: 4/15 levels left

rFire    + . .     SeeInvis .   s - +2 short sword (venom)
rCold    + . .     Gourm    .   (no shield)
rNeg     . . .     Faith    .   a - +0 robe
rPois    .         Spirit   +   f - +0 helmet
rElec    .         Reflect  .   o - scarf {rC+ rF+}
rCorr    +         Harm     .   (no gloves)
MR       .....                  c - +0 pair of boots
Stlth    ++........             n - amulet of guardian spirit
HPRegen  0.14/turn              q - ring of flight
MPRegen  0.14/turn              x - ring of resist corrosion

@: very slightly contaminated
A: no striking features
a: Evoke Flight


You were on level 5 of the Dungeon.
You were not hungry.

You visited 1 branch of the dungeon, and saw 5 of its levels.

You collected 240 gold pieces.
You spent 192 gold pieces at shops.

Inventory:

Hand Weapons
 s - a +2 short sword of venom (weapon)
Armour
 a - a +0 robe (worn)
 c - a +0 pair of boots (worn)
 f - a +0 helmet (worn)
 o - a scarf of resistance (worn)
Jewellery
 n - an amulet of guardian spirit (around neck)
 q - a ring of flight (left hand)
 u - an uncursed ring of fire
 x - a ring of resist corrosion (right hand)
Wands
 y - a wand of polymorph (6)
Scrolls
 b - a scroll of fog {!r, unknown}
 h - a scroll of enchant armour {!r, unknown}
 k - a scroll of remove curse {!r}
 m - 2 scrolls of blinking {!r, unknown}
 v - 2 scrolls of teleportation {!r, unknown}
 z - a scroll of amnesia {!r, unknown}
 A - a scroll of fear {!r}
Potions
 e - a potion of agility {!q}
 i - 2 potions of flight {!q}
 j - 3 potions of lignification {!q}
 l - 3 potions of magic {!q}
 p - a potion of mutation {!q}
 r - a potion of curing {!q}
 t - a potion of berserk rage {!q}
 w - a potion of brilliance {!q}
 B - a potion of heal wounds {!q}
 C - a potion of haste {!q}
Comestibles
 d - 8 rations
 g - a chunk of flesh


   Skills:
 * Level 4.9 Fighting
 + Level 4.8 Dodging
 - Level 2.4 Stealth
 - Level 4.5 Spellcasting
 - Level 4.0 Conjurations
 - Level 1.1 Summonings
 - Level 1.1 Translocations


You had 4 spell levels left.
You knew the following spells:

 Your Spells              Type           Power        Failure   Level  Hunger
a - Magic Dart            Conj           ####         1%          1    None
b - Call Imp              Summ           ##......     9%          2    None
e - Mephitic Cloud        Conj/Pois/Air  ##......     16%         3    ##.....
s - Conjure Flame         Conj/Fire      ###.....     12%         3    ##.....
v - Blink                 Tloc           N/A          9%          2    None


Dungeon Overview and Level Annotations

Branches:
Dungeon (5/15)
 Temple: D:4-7

Altars:
Cheibriados
Gozag
Kikubaaqudgha
Nemelex Xobeh
Qazlal
Trog

Shops:
D:4 !


Message History

Confirm with . or Enter, or press ? or * to list all spells.
Aiming: Magic Dart (safe; 1% risk of failure)
Press: ? - help, Shift-Dir - straight line, f/p - crimson imp
Aim: a crimson imp (almost dead)
You miscast Magic Dart.
You are very lightly contaminated with residual magic.
Nothing appears to happen.
The crimson imp blinks!
Casting: Magic Dart (safe; 1% risk of failure)
Confirm with . or Enter, or press ? or * to list all spells.
You can't see any susceptible monsters within range! (Use Z to cast anyway.)
Casting: Magic Dart (safe; 1% risk of failure)
Confirm with . or Enter, or press ? or * to list all spells.
You can't see any susceptible monsters within range! (Use Z to cast anyway.)
A worm comes into view.
The crimson imp blinks!
Found an ichor-stained ring mail.
Casting: Magic Dart (safe; 1% risk of failure)
Confirm with . or Enter, or press ? or * to list all spells.
Aiming: Magic Dart (safe; 1% risk of failure)
Press: ? - help, Shift-Dir - straight line, f/p - crimson imp
Aim: a crimson imp (severely wounded)
The magic dart hits the crimson imp.
You kill the crimson imp!
Casting: Magic Dart (safe; 1% risk of failure)
Confirm with . or Enter, or press ? or * to list all spells.
Aiming: Magic Dart (safe; 1% risk of failure)
Press: ? - help, Shift-Dir - straight line, f - worm
Aim: a worm The magic dart hits the worm.
The worm is moderately wounded.
Casting: Magic Dart (safe; 1% risk of failure)
Confirm with . or Enter, or press ? or * to list all spells.
You don't have enough magic to cast that spell.
Casting: Magic Dart (safe; 1% risk of failure)
Confirm with . or Enter, or press ? or * to list all spells.
You don't have enough magic to cast that spell.
Casting: Magic Dart (safe; 1% risk of failure)
Confirm with . or Enter, or press ? or * to list all spells.
You don't have enough magic to cast that spell.
You see here a jackal corpse.
Found a stone staircase leading down.
You hit the worm.
The worm is poisoned.
The worm is moderately wounded.
The worm bites you.
You hit the worm but do no damage.
The worm looks as sick as possible!
The worm is moderately wounded.
The worm closely misses you.
You hit the worm.
The worm looks as sick as possible!
The worm is severely wounded.
You hit the worm.
You kill the worm!
A centaur comes into view.
The centaur shouts!
The centaur wields a shortbow.
The centaur shoots an arrow.
The arrow hits you!
You see here an arrow.
The centaur shoots an arrow.
The arrow hits you but does no damage.
You see here an arrow.
The centaur shoots an arrow.
The arrow hits you!
* * * LOW HITPOINT WARNING * * *
There is an open door, spattered with blood here.
You see here an arrow.
You close the door, pushing everything out of the way.
A centaur opens the door.
The centaur shoots an arrow.
The arrow hits you!
You die...

......
###..##.#.#
#.......(.# #
#.###.#####.
#.#.........#
###c#####.###.#
.....>###.#.#.#
#.....#.#.#.#
#....c'..@#.#
###....(#####%#
.......(..†...#
####.....$.####
...........+
...........#
.........###
......†[.#
.........#


You could see a centaur.

Vanquished Creatures
  2 ogres (D:5)
  A crimson imp (D:5)
  A hound (D:4)
  Ijyb (D:3)
  Natasha (thrice) (D:2)
  2 worker ants
  A killer bee zombie (D:5)
  Robin (D:2)
  3 adders
  7 gnolls (D:3)
  A shadow imp (D:5)
  5 oozes
  2 adder skeletons
  5 worms
  4 dart slugs
  4 leopard geckos
  4 orcs (D:4)
  2 ball pythons
  7 bats
  7 giant cockroaches
  17 goblins
  7 hobgoblins
  4 jackals (D:5)
  7 quokkas
  3 frilled lizards
  10 kobolds
  6 rats
117 creatures vanquished.

Vanquished Creatures (collateral kills)
  Terence (D:2)
1 creature vanquished.

Vanquished Creatures (others)
  A centaur (D:5)
  A hound (D:5)
  2 worker ants (D:5)
4 creatures vanquished.

Grand Total: 122 creatures vanquished

Notes
Turn   | Place    | Note
-------+----------+-------------------------------------------
     0 | D:1      | Amnesiac the Deep Elf Wizard began the quest for the Orb.
     0 | D:1      | Reached XP level 1. HP: 10/10 MP: 7/7
    53 | D:1      | Found a snail-covered altar of Cheibriados.
   206 | D:1      | Reached XP level 2. HP: 16/16 MP: 0/9
   361 | D:1      | Reached skill level 1 in Fighting
   394 | D:1      | Learned a level 2 spell: Blink
   397 | D:1      | Learned a level 2 spell: Call Imp
   786 | D:2      | Reached XP level 3. HP: 13/20 MP: 0/11
   794 | D:2      | Learned a level 3 spell: Conjure Flame
   798 | D:2      | Learned a level 3 spell: Mephitic Cloud
   894 | D:2      | Noticed Natasha
   897 | D:2      | Killed Natasha
   928 | D:2      | Noticed Robin
   936 | D:2      | Killed Robin
   937 | D:2      | Reached XP level 4. HP: 26/26 MP: 1/12
  1347 | D:2      | Noticed Terence
  1683 | D:2      | Noticed Natasha
  1693 | D:2      | Killed Natasha
  1811 | D:2      | Noticed Natasha
  1817 | D:2      | Killed Natasha
  1817 | D:2      | Reached XP level 5. HP: 24/31 MP: 3/13
  2145 | D:2      | Killed Terence
  2408 | D:3      | Noticed Sigmund
  2817 | D:3      | Reached XP level 6. HP: 14/37 MP: 0/14
  3116 | D:3      | Found a sparkling altar of Nemelex Xobeh.
  3127 | D:3      | Noticed Ijyb
  3348 | D:3      | Killed Ijyb
  3697 | D:4      | Found an opulent altar of Gozag.
  4058 | D:4      | Found a bloodstained altar of Trog.
  4058 | D:4      | Found an ancient bone altar of Kikubaaqudgha.
  4061 | D:4      | Found a stormy altar of Qazlal.
  4284 | D:4      | Found Bonee's Distillery.
  4291 | D:4      | Bought a potion of heal wounds for 60 gold pieces
  4291 | D:4      | Bought a potion of degeneration for 12 gold pieces
  4292 | D:4      | Bought a potion of haste for 120 gold pieces
  4569 | D:5      | Entered Level 5 of the Dungeon
  4586 | D:5      | Reached XP level 7. HP: 42/44 MP: 1/15
  4831 | D:5      | Shot with an arrow by a centaur

Vault maps used:
D:1:      matt_arrival_spirals, cheibriados_altar_1
D:2:      uniq_terence, uniq_natasha, uniq_robin
D:3:      nemelex_xobeh_ov_fountains_minmay, first_ration, uniq_ijyb,
          uniq_sigmund
D:4:      grunt_temple_overflow_open, serial_shops, shop,
          nicolae_gozag_cash_rules_everything_around_me
D:5:      xom_confusion_cloud, temple_pool_b, serial_shops, shop_fountains,
          ashenzari_altar_1

Skill      XL: |  1  2  3  4  5  6 |
---------------+-------------------+-----
Fighting       | 1 2 3 4 |  4.9
Conjurations   | 2 3 4 |  4.0
Dodging        | 3 4 |  4.8
Stealth        | |  2.4
Spellcasting   | |  4.5
Summonings     | |  1.1
Translocations | |  1.1

Action                   |  1- 3 |  4- 6 |  7- 9 || total
-------------------------+-------+-------+-------++-------
Melee: Unarmed           |     8 |       |       ||     8
       Short sword       |       |    58 |     9 ||    67
 Cast: Magic Dart        |    67 |   202 |    27 ||   296
       Mephitic Cloud    |       |     6 |     1 ||     7
       Conjure Flame     |       |     3 |       ||     3
       Call Imp          |       |     1 |       ||     1
       Blink             |       |     1 |       ||     1
  Use: Scroll            |       |     9 |       ||     9
 Stab: Confused          |       |     2 |       ||     2
       Sleeping          |       |     1 |       ||     1
  Eat: Chunk             |       |    11 |     1 ||    12
Armor: Robe              |     1 |    22 |     2 ||    25
Dodge: Dodged            |    14 |    79 |     3 ||    96

Table legend:
 A = Spawn XP
 B = Non-spawn XP
 C = Spawn XP percentage of total XP
 D = Spawn monster count
 E = Non-spawn monster count
 F = Spawn count percentage of total count
 G = Total turns spent on level
                    A         B        C        D         E        F      G
               +---------+---------+-------+---------+---------+-------+---------
         Total |       0 |     956 |   0.0 |       0 |     118 |   0.0 |  4831
               +---------+---------+-------+---------+---------+-------+---------
           D:1 |       0 |      31 |   0.0 |       0 |      16 |   0.0 |   736
           D:2 |       0 |     259 |   0.0 |       0 |      42 |   0.0 |  1670
           D:3 |       0 |     210 |   0.0 |       0 |      35 |   0.0 |  1242
           D:4 |       0 |     120 |   0.0 |       0 |      12 |   0.0 |  1001
           D:5 |       0 |     336 |   0.0 |       0 |      13 |   0.0 |   182
               +---------+---------+-------+---------+---------+-------+---------
